Selects Italian Combined Arms Battlegroup
Selects Bersaglieri Squad
Construct Light Support Kompanie
Selects Bersaglieri Bolster
Panzerjäger Mechanized Group
Construct Mechanized Kompanie
Selects Semovente da 75/18 Assault Gun
Selects Carro Armato M13/40 Light Tank
Carro Armato M13/40 Light Tank
Carro Armato M13/40 Light Tank
Carro Armato M13/40 Light Tank
Construct Panzerarmee Kommand
Selects Breda Model 30 Light Machine Guns
Walking Stuka Rocket Launcher
Marder III Tank Destroyer
Carro Armato M13/40 Light Tank